[Event "Titled Tuesday Blitz June 14 Late 2022"]
[White "Sargsyan, Anna M."]
[Black "Paravyan, David"]
[WhiteFideId "13308130"]
[BlackFideId "4194985"]
[WhiteElo "2271"]
[BlackElo "2569"]
[Result "0-1"]
[Round "02"]
[TimeControl "180+1"]
[Date "2022.06.14"]
[WhiteClock "0:00:02"]
[BlackClock "0:00:08"]

1. d4 Nf6 2. c4 g6 3. g3 c6 4. Bg2 d5 5. Nf3 Bg7 6. cxd5 cxd5 7. Ne5 Bd7 8. Nc3 Nc6 9. O-O O-O 10. Nxd5 Nxd5 11. Bxd5 Nxe5 12. dxe5 Bh3 13. Re1 Qa5 14. e4 e6 15. Bb3 Rfd8 16. Qe2 Bg4 17. Qf1 Qxe5 18. f3 a5 19. fxg4 a4 20. Bc4 a3 21. Rb1 Rac8 22. b3 b5 23. Bxb5 Rc2 24. Bf4 Qc5+ 25. Be3 Bd4 26. Bxd4 Rxd4 27. Kh1 Rdd2 28. Be2 Qe3 29. Qf3 Qxf3+ 30. Bxf3 Rxh2+ 31. Kg1 Rxa2 32. b4 Rac2 33. b5 a2 34. Rbc1 Rxc1 35. Rxc1 Rb2 36. Rc8+ Kg7 37. Ra8 Rb1+ 38. Kg2 a1=Q 39. Rxa1 Rxa1 40. e5 Rb1 41. Bc6 Kh6 42. Be8 Kg5 43. Bxf7 Rxb5 44. Bxe6 Rxe5 45. Bc8 Rc5 46. Bd7 Rc7 47. Be6 Re7 48. Bc8 Re8 49. Bd7 Rd8 50. Be6 Rd3 51. Kf2 Rc3 52. Kg2 Re3 53. Bc8 Re4 54. Kf3 Rc4 55. Be6 Rd4 56. Bc8 Kf6 57. Kg2 Rb4 58. Kh3 Rb2 0-1


[Site "https://www.chess.com"]

[Event "Titled Tuesday Blitz June 14 Late 2022"]
[White "Shapiro, Daniel"]
[Black "Pesotskiy, Mikhail"]
[WhiteFideId "2001780"]
[BlackFideId "34164453"]
[WhiteElo "2295"]
[BlackElo "2010"]
[Result "1/2-1/2"]
[Round "02"]
[TimeControl "180+1"]
[Date "2022.06.15"]
[WhiteClock "0:00:07"]
[BlackClock "0:00:16"]

1. d4 Nf6 2. c4 e6 3. g3 Bb4+ 4. Nd2 a5 5. Qc2 O-O 6. Bg2 d5 7. Nf3 dxc4 8. Qxc4 Qd5 9. O-O Qxc4 10. Nxc4 Nbd7 11. Bf4 Nd5 12. Bd2 b5 13. Bxb4 axb4 14. Nce5 N7b6 15. e4 Nf6 16. Nd2 Na4 17. Rab1 Bb7 18. Rfc1 Rfd8 19. Rxc7 Rxd4 20. Rxb7 Rxd2 21. Rxb5 Rxb2 22. Rxb2 Nxb2 23. Rxb4 Nd1 24. Rb7 Nc3 25. Nxf7 Rxa2 26. Ng5 Ra1+ 27. Bf1 g6 28. Kg2 Ncxe4 29. Nxe4 Nxe4 30. Bc4 Rc1 31. Bxe6+ Kh8 32. h4 Rc2 33. Rf7 Nc5 34. Bd5 Rd2 35. Bc4 Ne4 36. Rf4 Nd6 37. Be6 Kg7 38. g4 Re2 39. Bd5 Re5 40. Bb3 Re4 41. Rxe4 Nxe4 42. Bd1 Nd2 43. f3 Nc4 44. Kf2 Ne5 45. Be2 Nf7 46. Ke3 Nd6 47. f4 Kf6 48. Bd3 h6 49. h5 g5 50. fxg5+ Kxg5 51. Be2 Nf7 52. Ke4 Nd6+ 53. Ke5 Ne8 54. Ke6 Nf6 55. Ke5 Nd7+ 56. Ke4 Nc5+ 57. Kf3 Ne6 58. Kg3 Nd4 59. Bf3 Ne6 60. Be2 Nc5 61. Bf3 Nb3 62. Be2 Nd4 63. Bf3 Kf6 64. Be4 Ne6 65. Bf3 Ke5 66. Be2 Ng5 67. Bf3 Nf7 68. Be2 Ke4 69. Bf3+ Ke3 70. Bg2 Ng5 71. Bd5 Kd4 72. Bg2 Ke5 73. Bf3 Ne6 74. Bg2 Kd4 75. Bf3 Ke3 76. Bg2 Ng5 77. Bd5 Kd4 78. Bg2 Ke5 79. Bf3 1/2-1/2


[Site "https://www.chess.com"]

[Event "Titled Tuesday Blitz June 14 Late 2022"]
[White "Shimanov, Aleksandr"]
[Black "Yurovskykh, Oleksandr"]
[WhiteFideId "4198603"]
[BlackFideId "14134020"]
[WhiteElo "2605"]
[BlackElo "2292"]
[Result "1-0"]
[Round "02"]
[TimeControl "180+1"]
[Date "2022.06.14"]
[WhiteClock "0:01:19"]
[BlackClock "0:00:19"]

1. d4 d5 2. Nc3 Nf6 3. Bf4 a6 4. e3 Bf5 5. Bd3 Bxd3 6. cxd3 e6 7. Nf3 c5 8. Qb3 b5 9. dxc5 Bxc5 10. O-O O-O 11. Rfc1 Nbd7 12. a4 b4 13. Ne2 Qe7 14. d4 Bd6 15. Rc6 Bxf4 16. Nxf4 Rfc8 17. Rac1 Nb6 18. Ne5 g5 19. Nfd3 Nc4 20. Rxc8+ Rxc8 21. Nxc4 dxc4 22. Rxc4 Rxc4 23. Qxc4 Nd5 24. Qxa6 Kg7 25. Qc4 Qa7 26. b3 Qb6 27. h3 h6 28. e4 Nf4 29. Nxf4 gxf4 30. Qc5 Qb8 31. Qe5+ 1-0


[Site "https://www.chess.com"]

[Event "Titled Tuesday Blitz June 14 Late 2022"]
[White "Shirov, Alexei"]
[Black "Golubev, Mikhail"]
[WhiteFideId "2209390"]
[BlackFideId "14100983"]
[WhiteElo "2678"]
[BlackElo "2374"]
[Result "1-0"]
[Round "02"]
[TimeControl "180+1"]
[Date "2022.06.14"]
[WhiteClock "0:00:09"]
[BlackClock "0:00:01"]

1. e4 c5 2. Nf3 d6 3. d4 cxd4 4. Nxd4 Nf6 5. Nc3 g6 6. Be3 Bg7 7. f3 Nc6 8. Qd2 O-O 9. O-O-O d5 10. exd5 Nxd5 11. Nxc6 bxc6 12. Bd4 e5 13. Bc5 Re8 14. Ne4 Qc7 15. Bc4 Be6 16. Bb3 Red8 17. h4 a5 18. a4 Nf4 19. Bd6 Qb6 20. Bxe6 Nxe6 21. Qf2 Qxf2 22. Nxf2 Nf4 23. g4 Ne2+ 24. Kb1 Nd4 25. Be7 Re8 26. Bc5 Nxf3 27. Ne4 Nd4 28. g5 Rad8 29. Bb6 Rd5 30. c4 Rd7 31. Bxa5 Ra7 32. b4 Rb8 33. Ka2 Bf8 34. c5 Be7 35. Nc3 Bd8 36. Bxd8 Rxd8 37. Rhe1 Rb8 38. Rb1 Nc2 39. Re4 Rab7 40. b5 cxb5 41. axb5 Ra8+ 42. Ra4 Rxa4+ 43. Nxa4 Ra7 44. b6 Rxa4+ 45. Kb3 Ra5 46. Kxc2 Rxc5+ 47. Kd3 Rc8 48. b7 Rb8 49. Ke4 f6 50. gxf6 Kf7 51. Kxe5 h6 52. Rb6 g5 53. hxg5 hxg5 54. Kf5 g4 55. Kxg4 Ke8 56. Kf5 Kd7 57. f7 Ke7 58. Kg6 Kf8 59. Re6 Rd8 60. Re8+ 1-0


[Site "https://www.chess.com"]

[Event "Titled Tuesday Blitz June 14 Late 2022"]
[White "Sjugirov, Sanan"]
[Black "Kim, Sergey"]
[WhiteFideId "4189302"]
[BlackFideId "13700570"]
[WhiteElo "2602"]
[BlackElo "2584"]
[Result "1-0"]
[Round "02"]
[TimeControl "180+1"]
[Date "2022.06.14"]
[WhiteClock "0:00:03"]
[BlackClock "0:00:35"]

1. e4 e5 2. Nf3 Nc6 3. Bb5 a6 4. Ba4 Nf6 5. Nc3 b5 6. Bb3 Bc5 7. d3 d6 8. a4 b4 9. Nd5 h6 10. h3 Be6 11. Nxf6+ Qxf6 12. Bxe6 fxe6 13. O-O O-O 14. c3 a5 15. Be3 Bb6 16. Qe2 Rab8 17. Rad1 Ne7 18. d4 exd4 19. cxd4 Ng6 20. b3 Nf4 21. Bxf4 Qxf4 22. Rd3 Qf7 23. Nd2 e5 24. dxe5 dxe5 25. Rf3 Qg6 26. Nc4 Bd4 27. Nxa5 Rxf3 28. Qxf3 Rf8 29. Qg4 Qf7 30. Nc4 Qe7 31. Qg3 Qc5 32. Kh1 Rf4 33. f3 Qe7 34. Rd1 c5 35. a5 Rf6 36. Qg4 Kh7 37. Rd2 Qf7 38. Ra2 Rf4 39. Qg3 Rf6 40. Qe1 Ra6 41. Qd2 Qg6 42. Rc2 Qg3 43. Qd1 Rg6 44. Qf1 Qf4 45. Re2 Rf6 46. Re1 Ra6 47. Rd1 Qg3 48. Qe2 Rf6 49. Qe1 Qf4 50. Qd2 Qg3 51. Rf1 Ra6 52. Qe2 Rf6 53. Qe1 Qf4 54. g3 Qg5 55. Kg2 Qg6 56. h4 h5 57. Qd2 Qf7 58. Qg5 Kg8 59. Qd2 Rg6 60. Kh2 Qf6 61. Qg2 Qe6 62. Qh3 Qf6 63. Qf5 Qe7 64. Qxg6 1-0


[Site "https://www.chess.com"]

[Event "Titled Tuesday Blitz June 14 Late 2022"]
[White "Sohal, Tanraj"]
[Black "Holt, Conrad"]
[WhiteFideId "2608499"]
[BlackFideId "2034387"]
[WhiteElo "2200"]
[BlackElo "2586"]
[Result "1/2-1/2"]
[Round "02"]
[TimeControl "180+1"]
[Date "2022.06.14"]
[WhiteClock "0:00:05"]
[BlackClock "0:00:14"]

1. d4 d5 2. c4 c6 3. cxd5 cxd5 4. Nc3 Nc6 5. Bf4 Nf6 6. e3 Bf5 7. Qb3 Na5 8. Bb5+ Bd7 9. Qa4 e6 10. Nf3 a6 11. Bxd7+ Nxd7 12. O-O Be7 13. Ne5 b5 14. Qc2 Rc8 15. Qe2 O-O 16. h3 Nxe5 17. Bxe5 Nc4 18. Rac1 Qa5 19. Bg3 b4 20. Nd1 Qxa2 21. e4 Nb6 22. Ne3 Rxc1 23. Rxc1 dxe4 24. Qc2 b3 25. Qxe4 Qxb2 26. Rb1 Qa2 27. Qd3 b2 28. Qc2 Na4 29. Nd1 Bf6 30. Nxb2 Bxd4 31. Bd6 Rd8 32. Kh2 Bxb2 33. Qc7 Ra8 34. Qb7 Qd5 35. Qc7 h6 36. Re1 Qd2 37. Re3 Bd4 38. Rg3 Nb6 39. Be5 Bxe5 40. Qxe5 g6 41. Rxg6+ fxg6 42. Qxe6+ Kf8 43. Qf6+ Ke8 44. Qe6+ Kd8 45. Qxb6+ Ke7 46. Qb7+ Qd7 47. Qxa8 Qc7+ 48. g3 a5 49. Qh8 Qb6 50. Qg7+ Kd8 51. Kg2 Qc6+ 52. Kg1 h5 53. Qf8+ Kc7 54. Qe7+ Kb6 55. Qe3+ Ka6 56. Qd3+ Kb6 57. Qd4+ Kb5 58. Qd3+ Kb4 59. Qd4+ Kb3 60. Qd3+ Kb4 61. Qd4+ Qc4 62. Qb6+ Qb5 63. Qd4+ Kb3 64. Qe3+ Kc2 65. Qe4+ Kc3 66. Qe3+ Kc2 67. Qe4+ Kb2 68. Qd4+ Kb3 69. Qe3+ Kb4 70. Qd4+ Qc4 71. Qb2+ Kc5 72. Qe5+ Qd5 73. Qc3+ Kb5 74. Qb2+ Ka4 75. Qa1+ Kb4 76. Qb2+ Qb3 77. Qd4+ Ka3 78. Qa1+ Kb4 79. Qd4+ Qc4 1/2-1/2


[Site "https://www.chess.com"]

[Event "Titled Tuesday Blitz June 14 Late 2022"]
[White "Sowa, Ryan"]
[Black "Deac, Bogdan-Daniel"]
[WhiteFideId "30901693"]
[BlackFideId "1226380"]
[WhiteElo "2563"]
[BlackElo "2648"]
[Result "0-1"]
[Round "02"]
[TimeControl "180+1"]
[Date "2022.06.14"]
[WhiteClock "0:00:33"]
[BlackClock "0:00:20"]

1. Nf3 c5 2. c4 Nc6 3. d4 cxd4 4. Nxd4 Nf6 5. Nc3 e6 6. a3 Bc5 7. Nb3 Bb6 8. e4 O-O 9. Be2 d6 10. O-O h6 11. Kh1 a5 12. a4 e5 13. f3 Be6 14. Nd5 Bxd5 15. exd5 Nd4 16. Nxd4 Bxd4 17. f4 Ne4 18. Qe1 Qb6 19. g3 f5 20. Bd3 Nf2+ 21. Rxf2 Bxf2 22. Qe2 Rae8 23. fxe5 Rxe5 24. Qc2 Re1+ 25. Kg2 Bxg3 26. Kxg3 Qd4 27. Kg2 Rg1+ 28. Kf3 Qg4+ 29. Kf2 Rg2+ 30. Kf1 0-1


[Site "https://www.chess.com"]

[Event "Titled Tuesday Blitz June 14 Late 2022"]
[White "Steinberg, Nitzan"]
[Black "Le Goff, Ronan"]
[WhiteFideId "2801795"]
[BlackFideId "612073"]
[WhiteElo "2471"]
[BlackElo "2276"]
[Result "1/2-1/2"]
[Round "02"]
[TimeControl "180+1"]
[Date "2022.06.14"]
[WhiteClock "0:00:12"]
[BlackClock "0:00:52"]

1. e4 e5 2. Nf3 Nc6 3. Bb5 Nf6 4. O-O Nxe4 5. Re1 Nd6 6. Nxe5 Be7 7. Bf1 O-O 8. d4 Nf5 9. Nf3 d5 10. c3 Nd6 11. Bf4 Bf5 12. Nbd2 Ne4 13. Nxe4 Bxe4 14. Nd2 Bg6 15. g3 Bd6 16. Bxd6 Qxd6 17. Bg2 Ne7 18. h4 h6 19. Nf1 c6 20. Qb3 Qc7 21. Ne3 Rfe8 22. Ng4 f6 23. a4 Nf5 24. a5 a6 25. Nh2 Nd6 26. Qb4 Be4 27. Bh3 Bf5 28. Bf1 Rxe1 29. Rxe1 Re8 30. Nf3 Rxe1 31. Nxe1 Kf7 32. b3 Qe7 33. Nd3 Ne4 34. Nc5 Nxc5 35. dxc5 g5 36. hxg5 hxg5 37. Qb6 Kg6 38. Qa7 Qe1 39. Qb8 Bd3 40. Qg8+ Kh6 41. Qh8+ Kg6 42. Qg8+ Kh6 43. Qh8+ Kg6 44. Qg8+ 1/2-1/2


[Site "https://www.chess.com"]

[Event "Titled Tuesday Blitz June 14 Late 2022"]
[White "Svane, Rasmus"]
[Black "Peng, David Yu"]
[WhiteFideId "4657101"]
[BlackFideId "2605376"]
[WhiteElo "2674"]
[BlackElo "2166"]
[Result "1-0"]
[Round "02"]
[TimeControl "180+1"]
[Date "2022.06.14"]
[WhiteClock "0:00:19"]
[BlackClock "0:00:01"]

1. Nf3 d5 2. g3 c6 3. Bg2 Nf6 4. O-O Bf5 5. c4 e6 6. Qb3 Qb6 7. d3 Nbd7 8. cxd5 Qxb3 9. axb3 exd5 10. Bd2 Be7 11. Bc3 h6 12. b4 O-O 13. Nbd2 Rfe8 14. Nb3 Bd8 15. Nfd4 Bg6 16. Rfe1 Bb6 17. Kf1 Ng4 18. h3 Ngf6 19. Rad1 Re7 20. f3 Nh5 21. Kf2 f5 22. e3 Rae8 23. f4 Nhf6 24. Nd2 Nf8 25. N2f3 Bh5 26. Rd2 Bxf3 27. Bxf3 Bxd4 28. Bxd4 a6 29. g4 fxg4 30. hxg4 N6d7 31. Bc3 Ne6 32. Rde2 Nb6 33. Kg3 Na4 34. Be5 Nb6 35. e4 dxe4 36. dxe4 Nd7 37. Bc3 g5 38. f5 Nf4 39. Rd2 Ne5 40. Bxe5 Rxe5 41. Red1 Kf7 42. Rd6 Kg7 43. Rh1 Rxe4 44. Bxe4 Rxe4 45. Rdxh6 Rxb4 46. Rh7+ Kf6 47. R1h6+ Ke5 48. Re7+ Kd5 49. f6 Rb3+ 50. Kf2 Rxb2+ 51. Kf3 Rb3+ 52. Re3 Rxe3+ 53. Kxe3 Ke6 54. Ke4 Nd5 55. f7+ Kxf7 56. Kf5 a5 57. Rh7+ Kf8 58. Rxb7 c5 59. Rb5 1-0


[Site "https://www.chess.com"]

[Event "Titled Tuesday Blitz June 14 Late 2022"]
[White "Swiercz, Dariusz"]
[Black "Bayo Milagro, Alvaro"]
[WhiteFideId "1126881"]
[BlackFideId "22275240"]
[WhiteElo "2627"]
[BlackElo "2270"]
[Result "1-0"]
[Round "02"]
[TimeControl "180+1"]
[Date "2022.06.14"]
[WhiteClock "0:00:17"]
[BlackClock "0:00:07"]

1. e4 e5 2. Nf3 Nc6 3. Bb5 a6 4. Ba4 Nf6 5. d3 d6 6. c3 g6 7. Nbd2 Bg7 8. Nf1 O-O 9. Ng3 b5 10. Bc2 d5 11. Be3 d4 12. cxd4 exd4 13. Bd2 a5 14. a4 Ba6 15. O-O Nb4 16. Bxb4 axb4 17. Bb3 Ng4 18. Qc2 Qd6 19. Rfc1 Ne5 20. Nxe5 Bxe5 21. axb5 Bxb5 22. Bc4 Bd7 23. Qb3 Be6 24. Rxa8 Rxa8 25. Nf1 c5 26. Bxe6 fxe6 27. g3 g5 28. Nd2 Qe7 29. Nc4 Bc7 30. Qd1 Kg7 31. Ra1 Qf8 32. Rxa8 Qxa8 33. Qg4 Kf6 34. h4 gxh4 35. Qxh4+ Kg7 36. Kg2 Qf8 37. Qg5+ Kf7 38. Qh5+ Kg7 39. Qh3 Qf6 40. Qg4+ Qg6 41. Qh4 Qf6 42. Qxf6+ Kxf6 43. f4 e5 44. Kf3 exf4 45. gxf4 h5 46. b3 h4 47. Kg4 h3 48. e5+ Ke6 49. Kxh3 Kf5 50. Kg3 Bd8 51. Kf3 Be7 52. Nd2 Bh4 53. Ne4 1-0


[Site "https://www.chess.com"]

[Event "Titled Tuesday Blitz June 14 Late 2022"]
[White "Tarasova, Viktoriya"]
[Black "Vivas Zamora, Fabian Ernesto"]
[WhiteFideId "4175840"]
[BlackFideId "3902480"]
[WhiteElo "2182"]
[BlackElo "2014"]
[Result "1-0"]
[Round "02"]
[TimeControl "180+1"]
[Date "2022.06.15"]
[WhiteClock "0:00:05"]
[BlackClock "0:00:01"]

1. d4 Nf6 2. c4 c5 3. d5 b5 4. cxb5 a6 5. bxa6 g6 6. Nc3 Bxa6 7. e4 Bxf1 8. Kxf1 d6 9. Nf3 Bg7 10. g3 O-O 11. Kg2 Qa5 12. a4 Nbd7 13. Bd2 Qb6 14. Qc2 Ng4 15. h3 Nge5 16. Nxe5 Nxe5 17. Nb5 c4 18. Bc3 Nd3 19. Bxg7 Kxg7 20. b3 Rfc8 21. bxc4 Ne5 22. Na3 Qb4 23. Rhb1 Qxa4 24. Qc3 f6 25. f4 Nxc4 26. Nxc4 Rxc4 27. Rxa4 Raxa4 28. Qb3 Rxe4 29. Rb2 Rad4 30. h4 h5 31. Qb7 Kf7 32. f5 gxf5 33. Rf2 f4 34. Rxf4 Re2+ 35. Rf2 Re5 36. Qc8 Rexd5 37. Qh8 Ke6 38. Qh7 Kd7 39. Re2 Rd2 40. Rxd2 Rxd2+ 41. Kf3 Rd5 42. Qe4 Re5 43. Qf4 Ke6 44. g4 hxg4+ 45. Qxg4+ Kf7 46. h5 d5 47. Qg6+ Ke6 48. h6 Rg5 49. Qb1 Rh5 50. Qe1+ Kf7 51. Qd1 Kg6 52. Kg3 Kxh6 53. Qd2+ Rg5+ 54. Kf3 Kg6 55. Qd3+ Rf5+ 56. Kg4 e6 57. Qc2 Kg7 58. Qc7+ Kg6 59. Qc2 Kh6 60. Qh2+ Kg7 61. Qd2 Rg5+ 62. Kf3 Kg6 63. Qd3+ f5 64. Qa6 Kf6 65. Qc8 Rg7 66. Qf8+ Kg6 67. Qe8+ Kf6 68. Qf8+ Kg6 69. Kf4 Rf7 70. Qg8+ Kf6 71. Qh8+ Rg7 72. Qh6+ Rg6 73. Qh4+ Kf7 74. Ke5 Kg7 75. Qe7+ Kh6 76. Qf8+ Kh5 77. Qe7 Kg4 78. Qf7 Rg5 79. Qxe6 Kf3 80. Kxd5 f4+ 81. Kd4 Kg3 82. Qf6 Rg4 83. Ke4 f3+ 84. Ke3 Kh2 85. Kxf3 Rg3+ 86. Kf2 Rg2+ 87. Ke3 Rg3+ 88. Kf4 Kg2 89. Qh4 Rf3+ 90. Kg4 Rf2 91. Qg3+ Kh1 92. Qh3+ Kg1 93. Qd3 Rg2+ 94. Kf4 Rf2+ 95. Kg4 Rg2+ 96. Kh5 Rh2+ 97. Kg5 Rg2+ 98. Kf5 Rf2+ 99. Ke4 Rg2 100. Qe3+ Kh1 101. Qf3 Kg1 102. Ke3 Kh1 103. Qh5+ Kg1 104. Qd1+ Kh2 105. Kf3 Rg3+ 106. Kf4 Rg2 107. Qe1 Rg1 108. Qf2+ Rg2 109. Qh4+ Kg1 110. Kf3 Ra2 111. Qe1+ Kh2 112. Qg3+ Kh1 113. Qh3+ Kg1 114. Qg4+ Kh1 115. Qe4 Rg2 116. Qd5 Kg1 117. Qd1+ Kh2 118. Qd6+ Kg1 119. Qd5 Rf2+ 120. Kg3 Re2 121. Qd1+ 1-0


[Site "https://www.chess.com"]

[Event "Titled Tuesday Blitz June 14 Late 2022"]
[White "Tatarinov, Dmitry"]
[Black "Bortnyk, Olexandr"]
[WhiteFideId "24160067"]
[BlackFideId "14120828"]
[WhiteElo "2302"]
[BlackElo "2723"]
[Result "0-1"]
[Round "02"]
[TimeControl "180+1"]
[Date "2022.06.14"]
[WhiteClock "0:00:00"]
[BlackClock "0:01:22"]

1. d4 d6 2. Nf3 Nf6 3. c4 g6 4. g3 Bg7 5. Bg2 O-O 6. O-O Bf5 7. Nc3 Ne4 8. Nxe4 Bxe4 9. Bd2 c5 10. Bc3 Nc6 11. e3 cxd4 12. Nxd4 Bxg2 13. Kxg2 Ne5 14. b3 d5 15. Nf3 Nxf3 16. Bxg7 Kxg7 17. Qxf3 dxc4 18. Qxb7 cxb3 19. axb3 Qb8 20. Qxb8 Rfxb8 21. Ra3 Rb7 22. Rfa1 e6 23. g4 Kf6 24. h4 h6 25. Kg3 Kg7 26. Ra5 Kf6 27. R1a4 Kg7 28. h5 gxh5 29. gxh5 Rxb3 30. Rxa7 Rxa7 31. Rxa7 Rb5 32. Kh4 Rb1 33. Ra4 Rh1+ 34. Kg4 f5+ 35. Kg3 Rxh5 36. Ra8 Rg5+ 37. Kh3 Rg6 38. Re8 Kf7 39. Rh8 Kg7 40. Re8 Kf6 41. f4 Rg1 42. Rh8 Ke7 43. Ra8 Kd6 44. Ra5 Re1 45. Re5 Rd1 46. Ra5 Rd3 47. Ra6+ Ke7 48. Ra7+ Kf6 49. Rh7 Rxe3+ 50. Kg2 Kg6 51. Rh8 Kh5 52. Kf2 Ra3 53. Re8 Ra6 54. Rg8 Kh4 55. Rg6 h5 56. Kf3 Ra3+ 57. Kf2 Ra6 58. Kf3 Rb6 59. Kf2 Rb4 60. Kf3 Rb3+ 61. Kf2 Kh3 62. Rxe6 Kg4 63. Rg6+ Kxf4 64. Rg8 h4 65. Rh8 Rb2+ 66. Kg1 Kg3 67. Rg8+ Kf3 68. Rh8 Rg2+ 69. Kf1 Rg4 70. Rh5 f4 0-1


[Site "https://www.chess.com"]

[Event "Titled Tuesday Blitz June 14 Late 2022"]
[White "Trakru, Rohun"]
[Black "Sarkar, Justin"]
[WhiteFideId "2097613"]
[BlackFideId "2010011"]
[WhiteElo "1746"]
[BlackElo "2020"]
[Result "1-0"]
[Round "02"]
[TimeControl "180+1"]
[Date "2022.06.15"]
[WhiteClock "0:00:03"]
[BlackClock "0:00:01"]

1. e4 e5 2. Nf3 Nc6 3. Bc4 g6 4. d4 exd4 5. Nxd4 Bg7 6. Nxc6 bxc6 7. O-O Ne7 8. Nc3 O-O 9. Be3 d6 10. Bd4 Be6 11. Bxg7 Kxg7 12. Qd4+ Kg8 13. Rad1 c5 14. Qd3 Nc6 15. f4 Kh8 16. Bd5 Nb4 17. Qe2 Nxd5 18. Nxd5 f5 19. e5 Bxd5 20. Rxd5 Qe7 21. Qd2 dxe5 22. Rxe5 Qd6 23. Rd5 Qf6 24. Rxc5 Qxb2 25. Rd1 Rad8 26. Qxd8 Rxd8 27. Rxd8+ Kg7 28. Rxc7+ Kh6 29. Rcd7 Qc1+ 30. Rd1 Qxf4 31. R8d3 Qe5 32. c3 Qc5+ 33. Kh1 a5 34. h3 Qc4 35. Rd5 Qxa2 36. Rd7 a4 37. Ra7 a3 38. Rdd7 Qb1+ 39. Kh2 a2 40. Rxh7+ Kg5 41. h4+ Kg4 42. Ra4+ f4 43. Rf7 a1=Q 44. Raxf4+ 1-0


[Site "https://www.chess.com"]

[Event "Titled Tuesday Blitz June 14 Late 2022"]
[White "Vachier-Lagrave, Maxime"]
[Black "Yaksin, Oleg"]
[WhiteFideId "623539"]
[BlackFideId "24105880"]
[WhiteElo "2813"]
[BlackElo "2256"]
[Result "1-0"]
[Round "02"]
[TimeControl "180+1"]
[Date "2022.06.14"]
[WhiteClock "0:01:29"]
[BlackClock "0:00:18"]

1. c4 e5 2. Nc3 Nc6 3. Nf3 Nf6 4. e3 Bb4 5. Qc2 O-O 6. Nd5 Be7 7. Ng5 g6 8. h4 Nxd5 9. cxd5 Nb4 10. Qb3 c6 11. d6 Bxd6 12. Bc4 Qe7 13. a3 Na6 14. Qc2 b5 15. Ba2 Nc5 16. b4 Ne6 17. Bb2 Nxg5 18. hxg5 Qxg5 19. O-O-O a5 20. f4 Qe7 21. Rh6 Kg7 22. Rdh1 Rh8 23. Qe4 f6 24. Qxg6+ hxg6 25. Rxh8 f5 26. Rg8+ Kf6 27. Rh6 Qg7 28. fxe5+ Kg5 29. Rxg7 Kxh6 30. exd6 axb4 31. Bf7 bxa3 32. Rxg6+ Kh7 33. Ba1 Ra4 34. Rg8 Kh6 35. Bf6 a2 36. Rh8# 1-0


[Site "https://www.chess.com"]

[Event "Titled Tuesday Blitz June 14 Late 2022"]
[White "Voege, Tobias"]
[Black "Mekhitarian, Krikor Sevag"]
[WhiteFideId "1270513"]
[BlackFideId "2107660"]
[WhiteElo "2379"]
[BlackElo "2611"]
[Result "1/2-1/2"]
[Round "02"]
[TimeControl "180+1"]
[Date "2022.06.15"]
[WhiteClock "0:00:10"]
[BlackClock "0:00:07"]

1. d4 d5 2. c4 dxc4 3. e3 Nf6 4. Bxc4 e6 5. Nf3 c5 6. O-O a6 7. a4 Nc6 8. Nc3 cxd4 9. exd4 Be7 10. Re1 O-O 11. Bg5 Nb4 12. Ne5 Nbd5 13. Bxd5 Nxd5 14. Bxe7 Nxe7 15. Ra3 Bd7 16. d5 exd5 17. Nxd5 Be6 18. Nf4 Bf5 19. Qf3 Qa5 20. Rae3 Ng6 21. Nfxg6 Bxg6 22. Nxg6 hxg6 23. Qg4 Rac8 24. h4 Qf5 25. Qxf5 gxf5 26. Re7 Rc4 27. Rxb7 Rxh4 28. b4 a5 29. bxa5 Rxa4 30. Re5 g6 31. g3 Kg7 32. Kg2 Kf6 33. Rc5 Ra2 34. Rb6+ Kg7 35. Rb7 Ra4 36. Ra7 Ra3 37. a6 Ra4 38. Rc6 Re8 39. Rcc7 Rf8 40. Re7 f4 41. gxf4 Rxf4 42. Rab7 Ra4 43. a7 Kg8 44. Rb8 Kg7 45. Reb7 Rxa7 46. Rxa7 Rxb8 47. Ra6 Re8 48. Ra3 Re5 49. Ra4 Rg5+ 50. Kf3 Rf5+ 51. Kg3 Kf6 52. f3 Kg5 53. Rg4+ Kh6 54. Ra4 Rg5+ 55. Kf2 f6 56. Rh4+ Kg7 57. Ra4 Re5 58. Ra7+ Kh6 59. Ra4 Rc5 60. Rh4+ Kg5 61. Ra4 Kf5 62. Kg3 g5 63. Re4 Rc3 64. Ra4 Re3 65. Ra5+ Re5 66. Ra4 Rd5 67. Rb4 Ke5 68. Re4+ Kd6 69. Ra4 Re5 70. Ra6+ Ke7 71. Rb6 Re6 72. Rb7+ Kd6 73. Rb6+ Ke5 74. Rb4 Kf5 75. Rb5+ Kg6 76. Rb4 f5 77. Rb8 Kf6 78. Rb5 Re2 79. Rb6+ Ke5 80. Rb5+ Kf6 81. Rb6+ Re6 82. Rb5 Kg6 83. Rb8 Rd6 84. Rg8+ Kf6 85. Rf8+ Kg6 86. Rg8+ Kh5 87. Rh8+ Rh6 88. Rf8 f4+ 89. Kh3 Re6 90. Rh8+ Rh6 91. Rg8 Rh7 92. Rf8 Kg6+ 93. Kg2 Re7 94. Ra8 Re2+ 95. Kh3 Rf2 96. Ra3 Kh5 97. Rb3 Re2 98. Rb8 Re3 99. Rh8+ Kg6 100. Kg4 Re1 101. Rg8+ Kf6 102. Rf8+ Kg7 103. Ra8 Rg1+ 104. Kf5 Rg3 105. Ra7+ Kh6 106. Ra6+ Kh7 107. Ra7+ Kg8 108. Ra3 Kf7 109. Ra7+ Ke8 110. Ra3 Ke7 111. Ke4 Kd6 112. Ra6+ Kc5 113. Rg6 Kc4 114. Rc6+ Kb3 115. Rc8 Rg2 116. Rc7 Kb4 117. Kf5 Kb5 118. Ke4 Kb6 119. Rc8 Rg3 120. Rc4 Kb5 121. Rc1 Kb4 122. Rc8 Kb3 123. Rc7 Rg2 124. Rc8 Re2+ 125. Kf5 Rg2 126. Ke4 Kb4 127. Rc7 Kb5 128. Rc8 Kb6 129. Rc1 Kb7 130. Rc3 Kb6 131. Rc8 Rd2 132. Rg8 Rg2 133. Kf5 Kc5 134. Rxg5 Rf2 135. Kxf4+ Kd6 136. Ra5 Ke6 137. Ra6+ Kf7 138. Kg4 Rb2 139. f4 Rb7 140. Kg5 Kg7 141. f5 Kf7 142. Rh6 Rb1 143. Rh7+ Kg8 144. Ra7 Rb6 145. Kh5 Rc6 146. Kg5 Rb6 147. Rd7 Rc6 148. Rd8+ Kf7 149. Rd7+ Kf8 150. Rh7 Kg8 151. Ra7 Kf8 152. Ra4 Kf7 153. Re4 Kg7 154. Re7+ Kf8 155. Re6 Rxe6 156. fxe6 Ke7 157. Kf5 Ke8 158. Kf6 Kf8 159. e7+ Ke8 160. Ke6 1/2-1/2


[Site "https://www.chess.com"]

[Event "Titled Tuesday Blitz June 14 Late 2022"]
[White "Wachinger, Guenther"]
[Black "Tarigan, Gilbert Elroy"]
[WhiteFideId "4604261"]
[BlackFideId "7108133"]
[WhiteElo "2212"]
[BlackElo "1908"]
[Result "1-0"]
[Round "02"]
[TimeControl "180+1"]
[Date "2022.06.15"]
[WhiteClock "0:00:03"]
[BlackClock "0:00:02"]

1. e4 g6 2. d4 d6 3. Nc3 Bg7 4. Nf3 Bg4 5. Be3 e6 6. Be2 Ne7 7. Qd2 h6 8. Ng1 Bxe2 9. Ngxe2 Nd7 10. O-O-O a6 11. f4 d5 12. e5 b5 13. g4 Nb6 14. b3 b4 15. Nb1 a5 16. Ng3 Qd7 17. Rdf1 Kd8 18. f5 exf5 19. gxf5 Nxf5 20. Nxf5 gxf5 21. Rhg1 Bf8 22. Qf2 a4 23. Qxf5 Qxf5 24. Rxf5 axb3 25. axb3 Ke8 26. Rgf1 Rh7 27. e6 Nc8 28. Rxf7 Rxf7 29. exf7+ Kd7 30. Rf6 Nd6 31. Bxh6 Bxh6+ 32. Rxh6 Nxf7 33. Rh7 Ke6 34. Nd2 Ra1+ 35. Kb2 Rd1 36. Nf3 c6 37. h4 Kf6 38. Ng5 Nxg5 39. hxg5+ Kxg5 40. Rc7 Rxd4 41. Rxc6 Kf5 42. Rb6 Ke5 43. Kc1 Rh4 44. Rg6 Kd4 45. Kb2 Kc5 46. Rg8 Rh2 47. Rc8+ Kd4 48. Rg8 Kc5 49. Rg4 Rf2 50. Rg5 Rxc2+ 51. Kxc2 1-0


[Site "https://www.chess.com"]

[Event "Titled Tuesday Blitz June 14 Late 2022"]
[White "Xiong, Jeffery"]
[Black "Aldokhin, Ivan"]
[WhiteFideId "2047640"]
[BlackFideId "24115720"]
[WhiteElo "2714"]
[BlackElo "2231"]
[Result "1-0"]
[Round "02"]
[TimeControl "180+1"]
[Date "2022.06.14"]
[WhiteClock "0:01:38"]
[BlackClock "0:00:03"]

1. e4 c5 2. Nf3 e6 3. g3 Nc6 4. Bg2 Nf6 5. Qe2 d6 6. O-O Be7 7. c3 O-O 8. d4 cxd4 9. cxd4 Bd7 10. Nc3 d5 11. e5 Ne8 12. Bf4 Nc7 13. h4 b5 14. Qe3 Re8 15. Bg5 h6 16. Bxe7 Qxe7 17. Rac1 a5 18. Ne2 a4 19. Nf4 Na6 20. Nh5 Na5 21. Nh2 Nc4 22. Qe2 Kh8 23. b3 axb3 24. axb3 Na5 25. Qf3 Rec8 26. Ng4 Nb4 27. Qe3 Qf8 28. Bf3 Nc2 29. Qd3 Nb4 30. Qe3 Nc2 31. Qd3 Nb4 32. Qb1 Rxc1 33. Rxc1 Rc8 34. Bd1 Rxc1 35. Qxc1 Qc8 36. Qd2 Qf8 37. Nxg7 Qxg7 38. Qxb4 Nc6 39. Qd6 Be8 40. Nf6 Nxd4 41. Nxe8 Qg8 42. Nf6 Qa8 43. Qc7 Kg7 44. Bh5 1-0


[Site "https://www.chess.com"]